 Dungeon Crawl Stone Soup version 0.28-a0-474-g535839065c (webtiles) character file.

Game seed: 1832607201471207573

91 TrogsFancyHat the Gusty (level 4, 0/24 HPs)
             Began as a Tengu Air Elementalist on Sept 15, 2021.
             Succumbed to a kobold's poison
             ... on level 2 of the Dungeon.
             The game lasted 00:03:25 (1951 turns).

TrogsFancyHat the Gusty (Tengu Air Elementalist)    Turns: 1951, Time: 00:03:25

Health: 0/24       AC:  2    Str:  9    XL:     4   Next: 57%
Magic:  8/9        EV: 12    Int: 16    God:
Gold:   82         SH:  0    Dex: 14    Spells: 7/8 levels left

rFire   . . .      SeeInvis .   j - +2 dagger (venom)
rCold   . . .      Faith    .   (no shield)
rNeg    . . .      Spirit   .   a - +0 robe
rPois   .          Reflect  .   (helmet restricted)
rElec   .          Harm     .   (no cloak)
rCorr   .          Rampage  .   (no gloves)
Will    .....                   (boots unavailable)
Stlth   ++........              (no amulet)
HPRegen 0.08/turn               (no ring)
MPRegen 0.11/turn               (no ring)

@: lethally poisoned (0 -> -5), hasted, very quick
A: beak, talons 3
a: no special abilities


You were on level 2 of the Dungeon.
You visited 1 branch of the dungeon, and saw 2 of its levels.

You collected 82 gold pieces.

Inventory:

Hand Weapons
 f - a +0 short sword
 j - a +2 dagger of venom (weapon)
Armour
 a - a +0 robe (worn)
Scrolls
 c - 2 scrolls of teleportation {unknown}
 g - a scroll of identify {unknown}
 i - 2 scrolls of magic mapping {unknown}
Potions
 b - 2 potions of lignification {unknown}
 d - a potion of heal wounds {unknown}
 e - 2 potions of haste
 h - 2 potions of experience {unknown}


   Skills:
 - Level 2.1 Dodging
 - Level 2.0 Stealth
 + Level 2.9 Spellcasting
 + Level 3.4 Conjurations
 + Level 5.1 Air Magic


You had 7 spell levels left.
You knew the following spells:

 Your Spells              Type           Power      Damage    Failure   Level
a - Shock                 Conj/Air       64%        1d7       3%          1

Your spell library contained the following spells:

 Spells                   Type           Power      Damage    Failure   Level
 Static Discharge         Conj/Air       16%        N/A       4%          2
 Swiftness                Air            18%        N/A       7%          3
 Airstrike                Air            9%         N/A       22%         4


Dungeon Overview and Level Annotations

Branches:
Dungeon (2/15)

Altars:


Innate Abilities, Weirdness & Mutations

You have a beak for a mouth.
You have claws for feet.


Message History

You are too injured to fight recklessly!
You are too injured to fight recklessly!
You are too injured to fight recklessly!
You are too injured to fight recklessly!
You are too injured to fight recklessly!
You are too injured to fight recklessly!
You are too injured to fight recklessly!
You are too injured to fight recklessly!
You are too injured to fight recklessly!
You are too injured to fight recklessly!
You are too injured to fight recklessly!
You are too injured to fight recklessly!
Casting: Shock (safe; 3% risk of failure)
Confirm with . or Enter, or press ? or * to list all spells.
Aiming: Shock (safe; 3% risk of failure)
Press: ? - help, Shift-Dir - straight line The zap misses the kobold.
The zap hits the kobold.
You kill the kobold!
* * * LOW HITPOINT WARNING * * *
You feel very sick.
Casting: Shock (safe; 3% risk of failure)
Confirm with . or Enter, or press ? or * to list all spells.
You can't see any susceptible monsters within range! (Use Z to cast anyway.)
Casting: Shock (safe; 3% risk of failure)
Confirm with . or Enter, or press ? or * to list all spells.
You can't see any susceptible monsters within range! (Use Z to cast anyway.)
* * * LOW HITPOINT WARNING * * *
You feel sick.
* * * LOW HITPOINT WARNING * * *
You feel sick.
You see here a +2 dagger of venom.
j - a +2 dagger of venom
* * * LOW HITPOINT WARNING * * *
You feel sick.
Your +2 dagger of venom begins to drip with poison!
j - a +2 dagger of venom (weapon)
* * * LOW HITPOINT WARNING * * *
You feel sick.
It was a potion of haste.
You feel yourself speed up.
You die...

#.....#### .........###
...#.#.#.#.### .#
.............# ##.#
...#.#.#.#.#.#
#####>..#
....>......... .......#
...#.#.#.#.### #.....#
..<.........#####.#...#
#..#.#.#.#.#....@...#
#....
.............####..##
#...o
####.#.#.#.#......##
#r...
..............#####
#....
...#......##......#
##....
.).#.......#.####.#
.#..... †..#.........#
.....[.
...#.........###
#.......
)..#......#....##
........


There were no monsters in sight!

Vanquished Creatures
  A centaur skeleton (D:2)
  An adder (D:2)
  A worm (D:1)
  3 orcs
  A bat (D:1)
  3 endoplasms (D:1)
  3 giant cockroaches
  5 goblins
  4 hobgoblins
  4 jackals (D:1)
  2 quokkas
  3 ball pythons
  2 frilled lizards
  7 kobolds
  3 rats (D:1)
43 creatures vanquished.

Notes
Turn   | Place    | Note
-------+----------+-------------------------------------------
     0 | D:1      | TrogsFancyHat the Tengu Air Elementalist began the quest
                  | for the Orb.
     0 | D:1      | Reached XP level 1. HP: 10/10 MP: 4/4
   237 | D:1      | Reached XP level 2. HP: 15/15 MP: 4/6
   755 | D:1      | Reached XP level 3. HP: 19/19 MP: 1/7
  1448 | D:2      | Reached XP level 4. HP: 24/24 MP: 0/9
  1636 | D:2      | Reached skill level 5 in Air Magic
  1950 | D:2      | HP: 1/24 [poisoned by a kobold]
  1951 | D:2      | Succumbed to a kobold's poison

Illustrated notes

Levels and vault maps discovered:
D:1:      mrwooster_arrival_statue_3, layout_rooms
D:2:      layout_rooms, st_stairs_9, minmay_pentomino_s2

Skill      XL: |  1  2  3  4 |
---------------+-------------+-----
Conjurations   | 2 3 |  3.4
Air Magic      | 5 |  5.1
Dodging        | |  2.1
Stealth        | |  2.0
Spellcasting   | |  2.9

Action                   |  1- 3 |  4- 6 || total
-------------------------+-------+-------++-------
Melee: Unarmed           |     9 |       ||     9
       Peck              |     5 |       ||     5
       Kick              |     5 |     2 ||     7
       Club              |     3 |       ||     3
       Short sword       |    10 |    13 ||    23
 Cast: Shock             |    54 |    30 ||    84
  Use: Potion            |       |     1 ||     1
Armor: Robe              |    10 |       ||    10
Dodge: Dodged            |    38 |     9 ||    47

Table legend: (Time is in decaauts)
 A = Elapsed time spent in this place.
 B = Non-inter-level travel time spent in this place.
 C = Inter-level travel time spent in this place.
 D = Time resting spent in this place.
 E = Time spent auto-exploring this place.
 F = Levels seen in this place.
 G = Mean time per level.
                   A        B        C        D        E       F      G
               +--------+--------+--------+--------+--------+-----+--------+
         Total |   1957 |   1943 |     14 |    608 |   1022 |   2 |  978.5 |
       Dungeon |   1957 |   1943 |     14 |    608 |   1022 |   2 |  978.5 |
               +--------+--------+--------+--------+--------+-----+--------+

Top non-repeatable levels by time:
     D:1: 1472 daAuts
     D:2: 485 daAuts
